 Dungeon Crawl Stone Soup version 0.17-a0-737-gf0a300a (webtiles) character file.

11 Ololoev the Stinger (level 2, 0/19 HPs)
             Began as a Mummy Venom Mage on Apr 29, 2015.
             Slain by a jackal (2 damage)
             ... on level 1 of the Dungeon.
             The game lasted 00:02:14 (575 turns).

Ololoev the Stinger (Mummy Venom Mage)               Turns: 575, Time: 00:02:14

Health: 0/19       AC:  2    Str: 11    XL:     2   Next: 17%
Magic:  0/5        EV: 12    Int: 14    God:
Gold:   39         SH:  0    Dex: 12    Spells: 1 memorised, 4 levels left

rFire  x . .     SeeInvis .     e - +0 spear
rCold  + . .     Clarity  .     a - +0 robe
rNeg   + + +     SustAb   .     (no shield)
rPois  ∞         Gourm    .     (no helmet)
rElec  .         Spirit   .     (no cloak)
rCorr  .         Warding  .     (no gloves)
rMut   .         Stasis   .     (no boots)
MR     .....                    (no amulet)
Stlth  ++........               (no ring)
                                (no ring)

@: very slightly contaminated, not resistant to hostile enchantments, unstealthy
A: no food or potions, fire vulnerability, cold resistance 1, negative energy
resistance 3, torment resistance, unbreathing
a: no special abilities


Innate Abilities, Weirdness & Mutations

You do not eat or drink.
Your flesh is vulnerable to fire.
You are immune to poison.
Your flesh is cold resistant.
You are immune to negative energy.
You are immune to unholy pain and torment.
You can survive without breathing.

Inventory:

Hand weapons
 e - a +0 spear (weapon)
Armour
 a - a +0 robe (worn)
Scrolls
 c - a scroll of teleportation {unknown}
 d - a scroll of fog {unknown}
 f - a scroll of magic mapping {unknown}
Books
 b - a Young Poisoner's Handbook

   Spells                             Type                      Level
   a - Sting                          Conjuration/Poison           1
   b - Cure Poison                    Poison                       2
   c - Mephitic Cloud                 Conjuration/Poison/Air       3
   d - Olgreb's Toxic Radiance        Poison                       4
   e - Venom Bolt                     Conjuration/Poison           5


   Skills:
 - Level 1.5 Dodging
 - Level 1.5 Stealth
 + Level 2.1 Spellcasting
 * Level 3.6 Poison Magic


You had 4 spell levels left.
You knew the following spells:

 Your Spells              Type           Power        Failure   Level  Hunger
a - Sting                 Conj/Pois      #...         14%         1    N/A


You were on level 1 of the Dungeon.
You were not hungry.

You visited 1 branch of the dungeon, and saw 1 of its levels.

You collected 39 gold pieces.

####.......######...##.
.#########.......# #..##.'
.........###..#..# #..#.##
....%.....#
##.#..######..#(#. #........#
#.#..........#.#.
#........####.#...####...#.#.
#.................# #...#.#.
#........#####....# #...#.#.
########.#..@h....# ##...#.##
#.#'####...# #...!##.#
#....###.>.# #.#...##.
#....'.†...# #.#.#..##
#....####### #.#.##..# #....#
#.#.###.. #..... #.#.# ###
..!##... #.... ...##....
####. #.#

Notes
Turn   | Place    | Note
--------------------------------------------------------------
     0 | D:1      | Ololoev, the Mummy Venom Mage, began the quest for the Orb.
     0 | D:1      | Reached XP level 1. HP: 13/13 MP: 3/3
   353 | D:1      | Reached XP level 2. HP: 19/19 MP: 3/5
   575 | D:1      | Slain by a jackal

Dungeon Overview and Level Annotations

Branches:
Dungeon (1/15)

Altars:


Message History

You are too injured to fight recklessly!
You are too injured to fight recklessly!
You are too injured to fight recklessly!
You are too injured to fight recklessly!
You are too injured to fight recklessly!
You are too injured to fight recklessly!
You are too injured to fight recklessly!
You are too injured to fight recklessly!
You are too injured to fight recklessly!
You are too injured to fight recklessly!
You are too injured to fight recklessly!
You are too injured to fight recklessly!
You are too injured to fight recklessly!
You are too injured to fight recklessly!
You are too injured to fight recklessly!
You are too injured to fight recklessly!
You are too injured to fight recklessly!
The jackal bites you. The jackal closely misses you.
Casting: Sting
Confirm with . or Enter, or press ? or * to list all spells.
Aiming: Sting
Press: ? - help, Shift-Dir - straight line, f/p - jackal
Aim: a jackal The sting hits the jackal.
The jackal is poisoned.
You kill the jackal!
The jackal barely misses you.
Attack whom?
Press: ? - help, Dir - move target cursor, f/p - jackal
Aim: a jackal You closely miss the jackal.
The jackal closely misses you.
You hit the jackal but do no damage.
The jackal bites you but does no damage.
The jackal closely misses you.
You hit the jackal but do no damage. The jackal bites you.
The jackal barely misses you.
You hit the jackal.
The jackal is lightly wounded.
The jackal bites you.
You die...

You could see a jackal.

Vanquished Creatures
  A giant cockroach (D:1)
  3 goblins (D:1)
  5 jackals (D:1)
  A bat (D:1)
  A rat (D:1)
11 creatures vanquished.

Action                   || total
-------------------------++-------
Melee: Dagger            ||    23
       Spear             ||    11
 Cast: Sting             ||    13

Vault maps used:
D:1:      evilmike_arrival_rings, hangedman_decor_clover_reticule,
          solitary_fountain, minmay_fountain_box
